 Dungeon Sprint DCSS version 0.26-a0-1107-g6118521029 (webtiles) character file.

Game seed: 9350018089993545603

120 mhtbhm the Shield-Bearer (level 5, -2/45 HPs)
             Began as a Human Fighter on Dec 16, 2020.
             Slain by a worker ant (5 damage)
             ... in the Dungeon (Sprint IX: "|||||||||||||||||||||||||||||").
             The game lasted 00:00:15 (98 turns).

mhtbhm the Shield-Bearer (Human Fighter)              Turns: 98, Time: 00:00:16

Health: -2/45      AC:  7    Str: 17    XL:     5   Next: 25%
Magic:  5/5        EV:  8    Int:  9    God:
Gold:   0          SH: 10    Dex: 12    Spells: 4/4 levels left

rFire    . . .     SeeInvis .   a - +0 flail
rCold    . . .     Faith    .   c - +0 kite shield
rNeg     . . .     Spirit   .   b - +0 scale mail
rPois    .         Reflect  .   (no helmet)
rElec    .         Harm     .   (no cloak)
rCorr    .         Rampage  .   (no gloves)
Will     .....     NoTele   +   (no boots)
Stlth    ..........             (no amulet)
HPRegen  0.15/turn              (no ring)
MPRegen  0.09/turn              (no ring)

@: berserk cooldown, slowed, very slow
A: no striking features
a: no special abilities


You were in the Dungeon.
You visited 1 branch

Inventory:

Hand Weapons
 a - a +0 flail (weapon)
Armour
 b - a +0 scale mail (worn)
 c - a +0 kite shield (worn)
Scrolls
 j - a scroll of blinking
Potions
 d - a potion of might
 e - a potion of curing
 f - a potion of heal wounds
 g - a potion of haste
 h - 2 potions of magic


   Skills:
 + Level 5.6 Fighting
 + Level 4.5 Maces & Flails
 + Level 5.2 Armour
 + Level 1.2 Dodging
 + Level 6.1 Shields


You had 4 spell levels left.
You didn't know any spells.
Your spell library was empty.

Dungeon Overview and Level Annotations

Branches:
Dungeon (1/1)

Altars:


Message History

You barely miss the giant cockroach. The giant cockroach barely misses you.
You sock the giant cockroach!
You kill the giant cockroach!
You barely miss the worker ant.
You are no longer berserk.
You are exhausted.
You feel yourself slow down. You block the worker ant's attack.
You closely miss the worker ant. The worker ant closely misses you.
The worker ant bites you but does no damage.
You hit the worker ant but do no damage.
The worker ant bites you but does no damage.
You block the worker ant's attack.
Unknown command.
You barely miss the worker ant. The worker ant bites you.
* * * LOW HITPOINT WARNING * * *
You block the worker ant's attack.
You sock the worker ant!
The worker ant is heavily wounded.
You block the worker ant's attack. The worker ant bites you.
You die... ▓▓▓▓▓▓▓▓▓▓▓▓▓▓▓▓▓▓ +....B@....)((..<▓ ▓▓▓▓▓▓▓▓▓▓▓▓▓▓▓▓▓▓

You could see a worker ant.

Vanquished Creatures
  A centaur (D)
  A worker ant (D)
  A white imp (D)
  A giant cockroach (D)
  A goblin (D)
  A jackal (D)
  2 kobolds (D)
  A rat (D)
9 creatures vanquished.

Notes
Turn   | Place    | Note
-------+----------+-------------------------------------------
     0 | D        | mhtbhm the Human Fighter began the quest for the Orb.
     0 | D        | Reached XP level 1. HP: 18/18 MP: 1/1
    78 | D        | Noticed a worker ant
    78 | D        | Noticed a worker ant
    78 | D        | Noticed a centaur
    83 | D        | HP: 1/27 [centaur (3)]
    84 | D        | Killed a centaur
    85 | D        | Reached skill level 5 in Fighting
    85 | D        | Reached skill level 1 in Dodging
    85 | D        | Reached skill level 5 in Shields
    85 | D        | Reached XP level 2. HP: 2/27 MP: 2/2
    85 | D        | Reached XP level 3. HP: 3/33 MP: 3/3
    85 | D        | Reached XP level 4. HP: 4/39 MP: 4/4
    92 | D        | Reached skill level 5 in Armour
    92 | D        | Reached skill level 6 in Shields
    92 | D        | Reached XP level 5. HP: 6/45 MP: 5/5
    98 | D        | Slain by a worker ant

Illustrated notes

Levels and vault maps discovered:
D:        linesprint [early_d, line_temple, items_1, d_10, items_2, lair_1,
          lair_end, items_3, orc_1, orc_end, items_4, d_15, swamp_1, shoals_1,
          snake_1, spider_1, d_20, vaults_1, items_5, swamp_end, shoals_end,
          snake_end, spider_end, vaults_end, d_27, items_6, zot_1, zot_end,
          crypt_end, forest_end, elf_end, slime_end, tomb_end, abyss_end,
          pan_hell_end]

Skill      XL: |  1  2  3  4 |
---------------+-------------+-----
Fighting       | 5 |  5.6
Maces & Flails | 4 |  4.5
Armour         | 4 5 |  5.2
Dodging        | 1 |  1.2
Shields        | 5 6 |  6.1

Action                   |  1- 3 |  4- 6 || total
-------------------------+-------+-------++-------
Melee: Flail             |    26 |    14 ||    40
  Use: Potion            |     1 |       ||     1
Armor: Scale mail        |    11 |     3 ||    14
Dodge: Dodged            |     6 |     3 ||     9
Block: Kite shield       |    10 |     7 ||    17

Table legend: (Time is in decaauts)
 A = Elapsed time spent in this place.
 B = Non-inter-level travel time spent in this place.
 C = Inter-level travel time spent in this place.
 D = Time resting spent in this place.
 E = Time spent auto-exploring this place.
 F = Levels seen in this place.
 G = Mean time per level.
                   A        B        C        D        E       F      G
               +--------+--------+--------+--------+--------+-----+--------+
         Total |    107 |    107 |      0 |     46 |      3 |   1 |  107.0 |
       Dungeon |    107 |    107 |      0 |     46 |      3 |   1 |  107.0 |
               +--------+--------+--------+--------+--------+-----+--------+

Top non-repeatable levels by time:
       D: 107 daAuts
